 Dungeon Crawl Stone Soup version 0.20.1-1-g8b1a95d (webtiles) character file.

359367 troglodite the Peltast (level 21, -9/168 HPs)
             Began as a Demonspawn Berserker on Dec 4, 2017.
             Was the Champion of Trog.
             Killed from afar by a starcursed mass (10 damage)
             ... with an accursed screaming
             ... while paralysed by accursed screaming
             ... on level 5 of the Abyss on Dec 5, 2017.
             The game lasted 03:09:35 (46296 turns).

troglodite the Peltast (Demonspawn Berserker)      Turns: 46296, Time: 03:09:36

Health: -9/168     AC: 41    Str: 24    XL:     21   Next: 45%
Magic:  0/30       EV:  2    Int: 21    God:    Trog [******]
Gold:   1467       SH:  0    Dex: 26    Spells: 20/20 levels left

rFire    + . .     SeeInvis +   U - +4 hand axe of Conscience {flame, rElec Dex+5}
rCold    + + +     Gourm    .   a - +0 large shield "Veotef" {rElec rF- rCorr}
rNeg     + . .     Faith    .   Q - +7 plate armour "Cosirgh Xinynt" {rElec rPois}
rPois    +         Spirit   +   W - +1 helmet of Insurance {rF+ Str+2 Int+4}
rElec    +         Reflect  .   r - +2 cloak {rC+}
rCorr    +         Harm     .   M - +3 pair of gloves "Nasysats" {rC+}
MR       +....                  (boots unavailable)
Stlth    ..........             A - amulet of Miamant {Spirit rF+ Int+8}
Regen    0.4/turn               O - ring of positive energy
MPRegen  0.3/turn               d - ring of the Octopus King {MP+9 AC+1 EV+1 Str+1 Int+1 Dex+1}

@: paralysed, lethally poisoned (-9 -> -46), about to teleport, marked, berserk
cooldown
A: claws 1, talons 3, iridescent scales 3, see invisible, cold resistance 1,
foul stench 1, poison resistance, spiny 2, augmentation 2, rot immunity
}: 2/15 runes: decaying, gossamer
a: Berserk, Trog's Hand, Brothers in Arms, Burn Spellbooks, Renounce Religion


You were on level 5 of the Abyss.
You worshipped Trog.
Trog was exalted by your worship.
You were not hungry.

You visited 6 branches of the dungeon, and saw 36 of its levels.
You visited the Abyss 1 time.
You also visited: Ice Cave and Desolation.

You collected 4355 gold pieces.
You spent 2888 gold pieces at shops.

Inventory:

Hand Weapons
 J - the +10 fustibalus of the Undead {flame, *Drain Str+6 Int+2}
   (You bought it in a shop on level 5 of the Dungeon)

   It causes projectiles fired from it to burn those they strike, causing extra
   injury to most foes and up to half again as much damage against particularly
   susceptible opponents.
   It affects your strength (+6).
   It affects your intelligence (+2).
   It causes draining when unequipped.
 T - the +9 mace of Beyond {freeze, *Noise Str+4 Dex+4}
   (You found it in the Desolation of Salt)

   It has been specially enchanted to freeze those struck by it, causing extra
   injury to most foes and up to half again as much damage against particularly
   susceptible opponents.
   It can also slow down cold-blooded creatures.
   It affects your strength (+4).
   It affects your dexterity (+4).
   It may make noises in combat.
 U - the +4 hand axe of Conscience (weapon) {flame, rElec Dex+5}
   (Trog gifted it to you on level 4 of the Lair of Beasts)

   It has been specially enchanted to burn those struck by it, causing extra
   injury to most foes and up to half again as much damage against particularly
   susceptible opponents.
   Big, fiery blades are also staple armaments of hydra-hunters.
   It affects your dexterity (+5).
   It insulates you from electricity.
Missiles
 Y - 292 sling bullets
Armour
 a - the +0 large shield "Veotef" (worn) {rElec rF- rCorr}
   (You found it in the Desolation of Salt)

   It makes you vulnerable to fire.
   It insulates you from electricity.
   It protects you from acid and corrosion.
 l - the +5 scale mail of Mirth {rC- Regen+ rCorr Slay+6}
   (You bought it in a shop on level 2 of the Orcish Mines)

   It affects your accuracy and damage with ranged weapons and melee attacks
   (+6).
   It makes you vulnerable to cold.
   It increases your rate of regeneration.
   It protects you from acid and corrosion.
 r - a +2 cloak of cold resistance (worn)
 y - a +2 large shield
 M - the +3 pair of gloves "Nasysats" (worn) {rC+}
   (You bought it in a shop on level 1 of the Vaults)

   It protects you from cold.
 Q - the +7 plate armour "Cosirgh Xinynt" (worn) {rElec rPois}
   (You found it in the Desolation of Salt)

   It insulates you from electricity.
   It protects you from poison.
 W - the +1 helmet of Insurance (worn) {rF+ Str+2 Int+4}
   (You found it on level 4 of the Lair of Beasts)

   It affects your strength (+2).
   It affects your intelligence (+4).
   It protects you from fire.
Jewellery
 d - a ring of the Octopus King (right hand) {MP+9 AC+1 EV+1 Str+1 Int+1 Dex+1}
   (You found it in the Desolation of Salt)

   [ring of magical power]

   It affects your AC (+1).
   It affects your evasion (+1).
   It affects your strength (+1).
   It affects your intelligence (+1).
   It affects your dexterity (+1).
   It affects your magic capacity (+9).
 s - an uncursed ring of protection from fire
 A - the amulet of Miamant (around neck) {Spirit rF+ Int+8}
   (You acquired it on level 3 of the Spider Nest)

   [amulet of guardian spirit]

   It causes incoming damage to be split between your health and magic.
   It affects your intelligence (+8).
   It protects you from fire.
 C - a +5 ring of strength
 O - a ring of positive energy (left hand)
 S - an uncursed amulet of regeneration
 V - an uncursed ring of protection from magic
Wands
 G - a wand of digging (22/24)
Scrolls
 f - 2 scrolls of magic mapping
 h - 7 scrolls of teleportation
 j - 2 scrolls of silence
 o - a scroll of fear
 q - 5 scrolls of remove curse
 u - 3 scrolls of enchant armour
 w - 4 scrolls of fog
 x - 8 scrolls of recharging
 E - 7 scrolls of blinking
 R - 2 scrolls of enchant weapon
Potions
 b - 5 potions of brilliance
 e - 4 potions of heal wounds
 g - 7 potions of agility
 i - 3 potions of flight
 k - 2 potions of cancellation
 m - 3 potions of lignification
 p - 4 potions of mutation
 v - 6 potions of curing
 z - 3 potions of resistance
 B - 8 potions of haste
 I - a potion of might
 K - a potion of magic
 P - a potion of berserk rage
 X - 3 potions of ambrosia
Comestibles
 c - 23 bread rations
 n - 26 royal jellies
 t - 5 chunks of flesh
 D - 26 fruits
 N - 4 meat rations


   Skills:
 * Level 15.1 Fighting
   Level 6.9 Long Blades
 + Level 13.8(15.4) Axes
 * Level 12.1(14.6) Maces & Flails
 * Level 7.9 Slings
 * Level 13.6 Armour
 * Level 13.6 Dodging
 + Level 4.7 Stealth
 * Level 18.1 Shields


You had 20 spell levels left.
You didn't know any spells.

Dungeon Overview and Level Annotations

Branches:
Dungeon (15/15)            Temple (0/1) D:7            Lair (6/6) D:10
  Swamp (4/4) Lair:4       Spider (4/4) Lair:2        Slime (0/5) Lair:6
    Orc (2/2) D:12            Elf (0/3) Orc:2        Vaults (5/5) D:13
  Crypt (0/3) Vaults:3     Depths (0/5) D:15

Altars:
Nemelex Xobeh
Vehumet

Shops:
D:5 *   D:8 (   D:9 [   D:12 :   Orc:2 [*}*   Vaults:1 [}*!!   Vaults:2 ?
Vaults:3 (


Innate Abilities, Weirdness & Mutations

You have claws for feet.
You are completely covered in iridescent scales. (AC +6)
You may emit foul miasma when damaged in melee.
You are mostly covered in sharp spines.
Your magical and physical power is enhanced at high health.
You are immune to rotting.
You have sharp fingernails.
You have supernaturally acute eyesight. (SInv)
Your flesh is cold resistant. (rC+)
Your system is resistant to poisons. (rPois)


Message History

You are lethally poisoned!
You resist.
* * * LOW HITPOINT WARNING * * *
The bolt of poison hits the spatial maelstrom.
The spatial maelstrom completely resists.
* * * LOW HITPOINT WARNING * * *
You feel very sick.
The spatial maelstrom hits you but does no damage. x2
The hellwing hits you but does no damage.
The hellwing completely misses you.
The starcursed mass is struck by your spines.
The starcursed mass engulfs you but does no damage.
The starcursed mass shudders and is absorbed by its neighbour.
The spatial maelstrom hits you but does no damage.
The spatial maelstrom hits you.
* * * LOW HITPOINT WARNING * * *
Space bends around you.
* * * LOW HITPOINT WARNING * * *
A cacophony of accursed wailing tears at your sanity!
You die...

.. ........... # ##.
#............ .#.
......35v#t#
§#§.#.5XX.Xe45.#.#..
###.##.X##xv25.. ...
###...XJ.XXX453..#
.....ve2X4#4355. #
#..X2.4Xx44#.
#####@#x# .###
#v#.#.... #.# .#.X
..#.(.. .. ### #.
.x# # ##. .


You could see 8 starcursed masses, a tentacled starspawn, a spatial maelstrom, a
green death, a slime creature, a sun demon, 2 shadow demons, 2 spatial vortices,
an apocalypse crab, a deep elf archer, 2 large abominations, a hellwing, an ice
devil, a rust devil, a deep elf mage, a ynoxinul, 2 chaos spawn, a red devil, 2
small abominations, an insubstantial wisp and 6 ufetubi.

Vanquished Creatures
  Frederick (Vaults:2)
  Nikola (Spider:2)
  Asterion (Spider:4)
  A tentacled monstrosity (Vaults:4)
  Gastronok (Lair:1)
  A tentacled starspawn (Abyss:5)
  A sphinx (Vaults:4)
  3 thorn hunters
  A tengu reaver (Vaults:3)
  2 shadow dragons
  Agnes (Spider:4)
  A storm dragon (Vaults:4)
  Kirke (D:15)
  A fire giant (Vaults:4)
  Roxanne (D:15)
  2 frost giants (Vaults:4)
  15 vault wardens
  Aizul (Spider:2)
  2 ghost moths (Spider:4)
  Louise (Swamp:1)
  3 imperial myrmidons (Desolation)
  8 emperor scorpions
  16 ironheart preservers
  A very ugly thing (Swamp:4)
  A war gargoyle (Vaults:4)
  7 entropy weavers
  6 stone giants
  A vampire knight (Vaults:3)
  3 halazid warlocks (Desolation)
  A dire elephant (Lair:6)
  2 spark wasps
  A crystal guardian (Desolation)
  2 blizzard demons (IceCv)
  An ettin (Orc:1)
  5 servants of whispers (Desolation)
  7 ogre magi
  Snorg (D:11)
  3 fire dragons
  7 yaktaur captains
  8 ragged hierophants (Desolation)
  Josephine (D:10)
  4 ice dragons
  The ghost of ChrisB the Blocker, a journeyman DDFi of Cheibriados (Swamp:1)
  2 great orbs of eyes
  23 hydras
  5 peacekeepers (Desolation)
  10 centaur warriors
  37 vault guards
  2 catoblepae
  2 ghost crabs (Swamp:4)
  11 alligators
  21 two-headed ogres
  3 death knights
  A satyr (shapeshifter) (Vaults:3)
  The ghost of p0werm0de the Cleaver, a novice DDFi of Makhleb (Orc:1)
  2 deep troll earth magi (Vaults:1)
  3 deep troll shamans
  11 death yaks
  A vampire mage (Vaults:3)
  Urug (Lair:5)
  An orc high priest (Orc:2)
  5 deep elf knights
  4 shadow wraiths
  The ghost of troglodite the Protected, a novice DsBe of Trog (D:8)
  A hell knight (Vaults:2)
  4 skeletal warriors (D:15)
  2 spatial maelstroms (Abyss:5)
  16 deep trolls
  A storm dragon skeleton (Vaults:3)
  10 swamp dragons
  2 unseen horrors
  5 wizards
  3 spriggan druids (Swamp:4)
  A flayed ghost (Vaults:2)
  A shambling mangrove (Swamp:3)
  6 deep elf archers
  19 orc knights
  2 phantasmal warriors (D:15)
  A wolf spider zombie (D:14)
  8 orb spiders
  11 deep elf magi
  3 necromancers
  37 wolf spiders
  7 orc sorcerers
  Pikel (D:7)
  19 ironbrand convokers
  An oklob plant (D:7)
  A frost giant zombie (Vaults:3)
  16 ugly things
  3 cyclopes
  2 manticores
  4 black mambas
  4 moths of wrath
  22 vault sentinels
  14 elephants
  A frost giant skeleton (Vaults:3)
  A black mamba (shapeshifter) (D:14)
  Maurice (D:11)
  A guardian serpent (Desolation)
  Joseph (Lair:1)
  2 gargoyles
  An ice statue (IceCv)
  6 demonic crawlers
  15 spiny frogs
  2 torpor snails
  9 komodo dragons
  3 rime drakes
  A yaktaur zombie (Vaults:3)
  A komodo dragon (shapeshifter) (Vaults:2)
  31 yaktaurs
  An anaconda simulacrum (IceCv)
  11 freezing wraiths
  7 ice devils (IceCv)
  A golden dragon simulacrum (IceCv)
  An ancient zyme (Abyss:5)
  27 jumping spiders
  A yaktaur skeleton (Vaults:3)
  10 trolls
  2 wolf spider simulacra
  3 blink frogs (Lair:4)
  A queen bee (Lair:1)
  10 tyrant leeches
  2 wind drakes (shapeshifter) (Vaults:1)
  2 polar bears
  21 hornets
  A snapping turtle (shapeshifter) (Vaults:2)
  7 hippogriffs
  A hornet (shapeshifter) (Vaults:4)
  7 bog bodies
  35 slime creatures
  A small abomination (Abyss:5)
  4 dream sheep (Lair:3)
  47 saltlings (Desolation)
  3 centaur simulacra
  11 wraiths
  56 redbacks
  30 tarantellas
  A spriggan (shapeshifter) (Vaults:3)
  6 spriggans
  6 hogs
  2 wyverns
  5 shadows
  3 dire elephant simulacra (IceCv)
  A human (D:7)
  45 yaks
  A basilisk (Lair:5)
  2 hungry ghosts
  15 vampire mosquitoes
  A neqoxec (Abyss:5)
  8 wargs
  19 insubstantial wisps
  3 acid dragons
  4 harpy simulacra (IceCv)
  2 iron troll simulacra (IceCv)
  14 swamp worms
  20 water moccasins
  3 hydra simulacra (IceCv)
  3 porcupines
  An ice beast (D:9)
  10 swamp drakes
  2 black bears (Lair:6)
  2 human zombies (Vaults:2)
  32 orc warriors
  A phantom (D:4)
  4 sky beasts
  An alligator simulacrum (IceCv)
  An ettin simulacrum (IceCv)
  27 ogres
  2 eyes of draining
  10 wolves
  9 boggarts
  12 centaurs
  16 crocodiles
  A big kobold (D:10)
  20 bullfrogs
  2 wyvern zombies
  An earth elemental (Abyss:5)
  A wyvern skeleton (D:12)
  36 scorpions
  32 killer bees
  6 wights
  2 howler monkeys
  6 crimson imps
  A quasit (D:15)
  A bullfrog zombie (D:12)
  A human simulacrum (Vaults:3)
  2 centaur zombies
  6 centaur skeletons
  3 draconian simulacra (IceCv)
  3 hounds
  4 jellies
  21 orc priests
  41 orc wizards
  3 iguanas
  2 bullfrog skeletons
  14 human skeletons
  15 worker ants
  3 troll simulacra (IceCv)
  A polar bear simulacrum (IceCv)
  2 hound zombies
  Robin (D:2)
  17 gnolls
  16 adders
  2 ogre simulacra (IceCv)
  5 shadow imps
  5 white imps (IceCv)
  3 ufetubi (IceCv)
  2 oozes
  An adder zombie (D:10)
  An adder skeleton (D:6)
  4 worms
  3 leopard geckos
  94 orcs
  2 ball pythons
  7 giant cockroaches
  10 hobgoblins
  12 jackals
  6 quokkas
  11 bats
  10 frilled lizards
  19 goblins
  2 jackal skeletons (D:5)
  A jackal zombie (D:5)
  11 kobolds
  A quokka zombie (D:9)
  9 rats
  5 briar patches (Swamp:4)
  A butterfly (Lair:2)
  3 fungi
  2 pillars of salt (Vaults:1)
  3 plants
1675 creatures vanquished.

Vanquished Creatures (collateral kills)
  Arachne (Spider:4)
  Nessos (Lair:4)
  2 swamp dragons (Swamp:4)
  A wolf spider (Spider:3)
  A moth of wrath (Spider:4)
  An elephant (Lair:6)
  2 demonic crawlers (Spider:4)
  A komodo dragon (Lair:6)
  A blink frog (Lair:4)
  A hornet (Spider:4)
  2 yaks (Lair:6)
  A redback (Spider:3)
  A tarantella (Spider:4)
16 creatures vanquished.

Vanquished Creatures (others)
  A fire giant (Vaults:4)
  An ogre mage (Vaults:4)
  A deep elf mage (Vaults:4)
  A wolf spider (Spider:2)
  A saltling (Desolation)
  3 humans (D:15)
  A hungry ghost (D:7)
  A boggart (Vaults:3)
  2 bullfrogs
  A crimson imp (D:7)
  An orc priest (Orc:2)
  A worker ant (D:7)
  A white imp (IceCv)
  2 ufetubi (IceCv)
  A leopard gecko (D:7)
  A briar patch (Swamp:4)
  3 fungi
  A pillar of salt (Vaults:1)
  5 plants
  4 starspawn tentacles (Abyss:5)
33 creatures vanquished.

Grand Total: 1724 creatures vanquished

Notes
Turn   | Place    | Note
-------+----------+-------------------------------------------
     0 | D:1      | troglodite the Demonspawn Berserker began the quest for the Orb.
     0 | D:1      | Reached XP level 1. HP: 18/18 MP: 1/1
   321 | D:1      | Gained mutation: You are partially covered in iridescent scales. (AC +2) [demonic ancestry]
   321 | D:1      | Reached XP level 2. HP: 19/24 MP: 2/2
   734 | D:1      | Reached ** piety under Trog
   806 | D:1      | Gained mutation: You are mostly covered in iridescent scales. (AC +4) [demonic ancestry]
   806 | D:1      | Reached XP level 3. HP: 28/29 MP: 3/3
   871 | D:2      | Noticed Robin
  1006 | D:2      | Killed Robin
  1096 | D:2      | Gained mutation: You are immune to rotting. [demonic ancestry]
  1096 | D:2      | Reached XP level 4. HP: 26/35 MP: 4/4
  1525 | D:2      | Reached skill level 1 in Shields
  2012 | D:3      | Reached *** piety under Trog
  2148 | D:3      | Gained mutation: You are partially covered in sharp spines. [demonic ancestry]
  2148 | D:3      | Reached XP level 5. HP: 39/41 MP: 5/5
  2550 | D:3      | Reached XP level 6. HP: 47/47 MP: 6/6
  3053 | D:4      | Reached skill level 2 in Shields
  3183 | D:4      | Reached **** piety under Trog
  3378 | D:4      | Reached XP level 7. HP: 53/53 MP: 7/7
  4065 | D:5      | Entered Level 5 of the Dungeon
  4126 | D:5      | Reached skill level 5 in Long Blades
  4132 | D:5      | Reached skill level 3 in Shields
  4333 | D:5      | Found Qij Xuas's General Store.
  4375 | D:5      | Bought a scroll of identify for 28 gold pieces
  4391 | D:5      | Reached skill level 1 in Stealth
  4391 | D:5      | Gained mutation: You are completely covered in iridescent scales. (AC +6) [demonic ancestry]
  4391 | D:5      | Reached XP level 8. HP: 47/61 MP: 8/8
  5506 | D:6      | Reached skill level 5 in Fighting
  6109 | D:6      | Reached ***** piety under Trog
  6257 | D:7      | Noticed Pikel
  6269 | D:7      | Killed Pikel
  6269 | D:7      | Reached skill level 5 in Armour
  6269 | D:7      | Reached skill level 4 in Shields
  6269 | D:7      | Gained mutation: You have sharp toenails. [demonic ancestry]
  6269 | D:7      | Reached XP level 9. HP: 68/68 MP: 9/9
  6273 | D:7      | Reached skill level 5 in Dodging
  6324 | D:7      | Found a staircase to the Ecumenical Temple.
  6405 | D:7      | Found a sparkling altar of Nemelex Xobeh.
  6407 | D:7      | Noticed an oklob plant
  6420 | D:7      | Killed an oklob plant
  6510 | D:7      | Reached skill level 1 in Maces & Flails
  6512 | D:7      | Reached skill level 5 in Shields
  6942 | D:8      | Paralysed by a hornet for 2 turns
  7252 | D:7      | Gained mutation: Your system is resistant to poisons. (rPois) [potion of mutation]
  7252 | D:7      | Gained mutation: You have supernaturally acute eyesight. (SInv) [potion of mutation]
  7252 | D:7      | Gained mutation: Your flesh is cold resistant. (rC+) [potion of mutation]
  7252 | D:7      | Gained mutation: You have sharp fingernails. [potion of mutation]
  7262 | D:8      | Reached XP level 10. HP: 77/77 MP: 10/10
  7314 | D:8      | Noticed troglodite's ghost (novice DsBe)
  7330 | D:8      | Killed troglodite's ghost
  8217 | D:8      | Found Nefumaes's Antique Weapon Shoppe.
  8229 | D:8      | Bought a scorched hand axe for 272 gold pieces
  8229 | D:8      | Identified the +2 hand axe "Dragonslayer" {speed, Str+8 Dex+3 Stlth+} (You bought it in a shop on level 8 of the Dungeon)
  8263 | D:8      | Noticed a two-headed ogre
  8271 | D:8      | Killed a two-headed ogre
  8271 | D:8      | Reached skill level 6 in Shields
  8297 | D:8      | Noticed a two-headed ogre
  8334 | D:8      | Killed a two-headed ogre
  8334 | D:8      | Reached skill level 1 in Axes
  9612 | D:9      | Found Qaol's Antique Armour Shop.
  9665 | D:10     | Entered Level 10 of the Dungeon
  9811 | D:10     | Noticed Josephine
  9822 | D:10     | Killed Josephine
  9822 | D:10     | Gained mutation: You have razor-sharp toenails. [demonic ancestry]
  9822 | D:10     | Reached XP level 11. HP: 69/84 MP: 11/11
  9905 | D:10     | Noticed an unseen horror
  9922 | D:10     | Killed an unseen horror
  9922 | D:10     | Reached skill level 7 in Shields
  9962 | D:10     | Received a gift from Trog
 10251 | D:10     | Found a staircase to the Lair.
 10374 | D:10     | Noticed a two-headed ogre
 10389 | D:10     | Killed a two-headed ogre
 10647 | D:10     | Noticed a six-headed hydra
 10659 | D:10     | Killed a six-headed hydra
 10882 | D:11     | Noticed a two-headed ogre
 10912 | D:11     | Killed a two-headed ogre
 11163 | D:11     | Reached skill level 8 in Shields
 11170 | D:11     | Noticed Snorg
 11173 | D:11     | Noticed Maurice
 11175 | D:11     | Reached skill level 5 in Axes
 11185 | D:11     | Killed Snorg
 11206 | D:11     | Killed Maurice
 11755 | D:11     | Gained mutation: Your magical and physical power is slightly enhanced at high health. [demonic ancestry]
 11755 | D:11     | Reached XP level 12. HP: 94/94 MP: 12/12
 12135 | D:12     | Found Hitimefe's Book Shoppe.
 12594 | D:12     | Received a gift from Trog
 12694 | D:12     | Found a staircase to the Orcish Mines.
 12730 | Orc:1    | Entered Level 1 of the Orcish Mines
 12834 | D:12     | Reached ****** piety under Trog
 13560 | Orc:1    | Noticed p0werm0de's ghost (novice DDFi)
 13755 | Orc:1    | Reached skill level 9 in Shields
 13984 | Orc:1    | Killed p0werm0de's ghost
 14078 | Orc:1    | Found a radiant altar of Vehumet.
 14206 | Orc:2    | Entered Level 2 of the Orcish Mines
 14206 | Orc:2    | Noticed an ettin
 14215 | Orc:1    | Killed an ettin
 14559 | Orc:2    | Found a staircase to the Elven Halls.
 14683 | Orc:2    | Received a gift from Trog
 14806 | Orc:2    | Noticed a stone giant
 14832 | Orc:2    | Killed a stone giant
 14893 | Orc:2    | Paralysed by an orc sorcerer for 2 turns
 14902 | Orc:2    | Gained mutation: Your magical and physical power is enhanced at high health. [demonic ancestry]
 14902 | Orc:2    | Reached XP level 13. HP: 67/101 MP: 2/13
 15204 | Orc:2    | Found Eghykler's General Store.
 15206 | Orc:2    | Found Yhuzeih's General Store.
 15215 | Orc:2    | Found Nisieg's Gadget Shop.
 15215 | Orc:2    | Found Umaiqovi's Antique Armour Boutique.
 15653 | Orc:2    | Bought a spiked scale mail for 234 gold pieces
 15663 | Orc:2    | Identified the +5 scale mail of Mirth {rC- Regen+ rCorr Slay+6} (You bought it in a shop on level 2 of the Orcish Mines)
 15981 | Lair:1   | Entered Level 1 of the Lair of Beasts
 15992 | Lair:1   | Noticed Joseph
 16010 | Lair:1   | Killed Joseph
 16067 | Lair:1   | Noticed Gastronok
 16082 | Lair:1   | Killed Gastronok
 16082 | Lair:1   | Received a gift from Trog
 16430 | Lair:1   | Reached skill level 10 in Shields
 17399 | Lair:2   | Found a hole to the Spider Nest.
 18099 | Orc:2    | Bought 3 scrolls of identify for 96 gold pieces
 18099 | Orc:2    | Bought a scroll of identify for 32 gold pieces
 18099 | Orc:2    | Bought a potion of heal wounds for 80 gold pieces
 18362 | D:5      | Bought a scroll of identify for 28 gold pieces
 18690 | Lair:3   | Reached skill level 10 in Fighting
 19916 | Lair:4   | Noticed Nessos
 19919 | Lair:4   | Received a gift from Trog
 19937 | Lair:4   | Killed Nessos
 19953 | Lair:4   | Got a shimmering hand axe {god gift}
 19954 | Lair:4   | Identified the +4 hand axe of Conscience {flame, rElec Dex+5} (Trog gifted it to you on level 4 of the Lair of Beasts)
 20184 | Lair:4   | Got a scorched helmet
 20195 | Lair:4   | Identified the +1 helmet of Insurance {rF+ Str+2 Int+4} (You found it on level 4 of the Lair of Beasts)
 20461 | Lair:4   | Found a staircase to the Swamp.
 20686 | Lair:4   | Reached XP level 14. HP: 110/110 MP: 14/14
 20982 | Lair:5   | Reached skill level 10 in Armour
 21167 | Lair:5   | Noticed Urug
 21177 | Lair:5   | Killed Urug
 21198 | Lair:5   | Reached skill level 5 in Maces & Flails
 21282 | Lair:5   | Got an ancient battleaxe
 21283 | Lair:5   | Identified the +5 battleaxe "Isitaag" {flame, rElec rC++ Dex+3} (You found it on level 5 of the Lair of Beasts)
 21564 | Lair:6   | Entered Level 6 of the Lair of Beasts
 21577 | Lair:6   | Reached skill level 11 in Shields
 22354 | Lair:6   | Found a staircase to the Slime Pits.
 22356 | Lair:6   | Received a gift from Trog
 22667 | Lair:6   | Reached skill level 10 in Dodging
 23050 | Lair:6   | Got a crude long sword
 23064 | Lair:6   | Identified the cursed +0 long sword of a Billion Songs {vamp, +Rage rF+ SInv Stlth+} (You found it on level 6 of the Lair of Beasts)
 23498 | Swamp:1  | Entered Level 1 of the Swamp
 23723 | Swamp:1  | Gained mutation: You have claws for feet. [demonic ancestry]
 23723 | Swamp:1  | Reached XP level 15. HP: 106/118 MP: 15/15
 23806 | Swamp:1  | Noticed Louise
 23832 | Swamp:1  | Killed Louise
 23883 | Swamp:1  | Noticed ChrisB's ghost (journeyman DDFi)
 23899 | Swamp:1  | Killed ChrisB's ghost
 24055 | Swamp:1  | Received a gift from Trog
 25123 | Swamp:2  | Reached skill level 12 in Shields
 25393 | Swamp:3  | Noticed a thorn hunter
 25402 | Swamp:3  | Killed a thorn hunter
 25749 | Swamp:3  | Received a gift from Trog
 26233 | Swamp:4  | Entered Level 4 of the Swamp
 26490 | Swamp:4  | Reached skill level 10 in Axes
 26497 | Swamp:4  | Reached XP level 16. HP: 127/127 MP: 16/16
 26675 | Swamp:4  | Got a decaying rune of Zot
 26764 | Swamp:4  | Noticed a thorn hunter
 26776 | Swamp:4  | Killed a thorn hunter
 26831 | Swamp:4  | Received a gift from Trog
 26996 | Swamp:4  | Reached skill level 13 in Shields
 27031 | Swamp:4  | Noticed a thorn hunter
 27045 | Swamp:4  | Killed a thorn hunter
 27807 | D:13     | Found a gate to the Vaults.
 27986 | D:13     | Identified a scroll of acquirement
 28451 | D:14     | Got a crystal quarterstaff
 28457 | D:14     | Identified the +6 quarterstaff of Courage {drain, Str+4 Stlth+} (You found it on level 14 of the Dungeon)
 28751 | D:14     | Received a gift from Trog
 29010 | D:15     | Entered Level 15 of the Dungeon
 29155 | D:15     | Noticed Kirke
 29164 | D:15     | Killed Kirke
 29174 | D:15     | Noticed Roxanne
 29202 | D:15     | Killed Roxanne
 30146 | D:15     | Found a staircase to the Depths.
 30677 | D:5      | Bought the +10 fustibalus of the Undead {flame, *Drain Str+6 Int+2} for 1332 gold pieces
 31091 | Spider:1 | Entered Level 1 of the Spider Nest
 31126 | Spider:1 | Gained mutation: You are mostly covered in sharp spines. [demonic ancestry]
 31126 | Spider:1 | Reached XP level 17. HP: 119/135 MP: 17/17
 31181 | Spider:1 | Got a smoking longbow
 31186 | Spider:1 | Identified the cursed +1 longbow of a bazaar {freeze, rN+} (You found it on level 1 of the Spider Nest)
 31242 | Spider:1 | Reached skill level 1 in Slings
 31552 | Spider:1 | Received a gift from Trog
 31645 | Spider:2 | Reached skill level 14 in Shields
 31714 | Spider:2 | Noticed Nikola
 31735 | Spider:2 | Killed Nikola
 31936 | Spider:2 | Noticed Aizul
 31951 | Spider:2 | Killed Aizul
 32236 | Spider:2 | Reached skill level 10 in Maces & Flails
 32366 | Spider:3 | Received a gift from Trog
 32731 | Spider:3 | Received a gift from Trog
 32740 | Spider:3 | Got a steaming falchion {god gift}
 32842 | Spider:3 | Got a heavily runed sapphire amulet
 32867 | Spider:3 | Received a gift from Trog
 32878 | Spider:3 | Identified the +5 falchion "Kotad" {slice, rN+} (Trog gifted it to you on level 3 of the Spider Nest)
 32882 | Spider:3 | Identified the amulet of Miamant {Spirit rF+ Int+8} (You acquired it on level 3 of the Spider Nest)
 33237 | Spider:4 | Entered Level 4 of the Spider Nest
 33294 | Spider:4 | Found a frozen archway.
 33294 | Spider:4 | Noticed Asterion
 33309 | IceCv    | Entered an ice cave
 34105 | IceCv    | HP: 1/136 [dire elephant simulacrum (36)]
 34294 | IceCv    | Identified Ysmuzigho's Tome of the Snowflakes and Unholy Magic
 34307 | IceCv    | Received a gift from Trog
 34549 | Spider:4 | Killed Asterion
 34654 | Spider:4 | Noticed Arachne
 34661 | Spider:4 | Reached XP level 18. HP: 143/143 MP: 12/18
 34663 | Spider:4 | Killed Arachne
 34786 | Spider:4 | Got a faintly glowing chain mail
 34797 | Spider:4 | Identified the +1 chain mail of Terror {MP+9 Dex+4 Slay-3} (You found it on level 4 of the Spider Nest)
 34885 | Spider:4 | Reached skill level 15 in Shields
 34967 | Spider:4 | Received a gift from Trog
 35247 | Spider:4 | Noticed Agnes
 35253 | Spider:4 | Killed Agnes
 35537 | Spider:4 | Got a gossamer rune of Zot
 35814 | Vaults:1 | Entered Level 1 of the Vaults
 35860 | Vaults:1 | Found Qeimua's Gadget Boutique.
 35920 | Vaults:1 | Received a gift from Trog
 35936 | Vaults:1 | Found Ruol's General Store.
 36083 | Vaults:1 | Found Hegesol's Armour Emporium.
 36096 | Vaults:1 | Found a ruined gateway.
 36106 | Desolati | Entered the Desolation of Salt
 36134 | Desolati | Received a gift from Trog
 36204 | Desolati | Reached skill level 5 in Slings
 36240 | Desolati | Got a ring of the Octopus King
 36244 | Desolati | Got a jewelled ring mail
 36250 | Desolati | Got a polished plate armour
 36254 | Desolati | Got a fine mace
 36255 | Desolati | Identified the +9 mace of Beyond {freeze, *Noise Str+4 Dex+4} (You found it in the Desolation of Salt)
 36268 | Desolati | Identified the +5 ring mail "Himuot" {MR+ rCorr Dex+4 SInv} (You found it in the Desolation of Salt)
 36278 | Desolati | Identified the +7 plate armour "Cosirgh Xinynt" {rElec rPois} (You found it in the Desolation of Salt)
 36783 | Desolati | Identified a ring of the Octopus King {MP+9 AC+1 EV+1 Str+1 Int+1 Dex+1} (You found it in the Desolation of Salt)
 36871 | Desolati | Gained mutation: You may emit foul miasma when damaged in melee. [demonic ancestry]
 36871 | Desolati | Reached XP level 19. HP: 136/151 MP: 19/19
 37153 | Desolati | Received a gift from Trog
 37245 | Desolati | Reached skill level 16 in Shields
 37486 | Desolati | Received a gift from Trog
 37639 | Desolati | Got an ichor-stained large shield
 37665 | Desolati | Identified the +0 large shield "Veotef" {rElec rF- rCorr} (You found it in the Desolation of Salt)
 37790 | Vaults:1 | Found Lintug's Distillery.
 37801 | Vaults:1 | Found Xojeji Legu's Distillery.
 37986 | Vaults:1 | Received a gift from Trog
 39029 | Vaults:2 | Paralysed by a great orb of eyes for 4 turns
 39111 | Vaults:2 | Received a gift from Trog
 39387 | Vaults:2 | Noticed Frederick
 39402 | Vaults:2 | Killed Frederick
 39610 | Vaults:2 | Found Wooseuth's Magic Scroll Emporium.
 39657 | Vaults:2 | Bought a scroll of enchant armour for 150 gold pieces
 40754 | Vaults:1 | Bought the +3 pair of gloves "Nasysats" {rC+} for 636 gold pieces
 41109 | Vaults:3 | Received a gift from Trog
 41554 | Vaults:3 | Reached XP level 20. HP: 136/159 MP: 20/20
 41587 | Vaults:3 | Reached skill level 17 in Shields
 41875 | Vaults:3 | Found Avvu's Antique Weapon Shoppe.
 42104 | Vaults:3 | Paralysed by an ogre mage for 7 turns
 42441 | Vaults:3 | Received a gift from Trog
 42706 | Vaults:3 | Found a staircase to the Crypt.
 43323 | Vaults:3 | Paralysed by a wizard for 4 turns
 43347 | Vaults:3 | Received a gift from Trog
 43364 | Vaults:3 | Received a gift from Trog
 44532 | Vaults:4 | Received a gift from Trog
 44552 | Vaults:4 | Got a crude falchion {god gift}
 44563 | Vaults:4 | Identified the +8 falchion of Caenejus {slice, rF++} (Trog gifted it to you on level 4 of the Vaults)
 45391 | Vaults:4 | Reached XP level 21. HP: 167/167 MP: 21/21
 45445 | Vaults:4 | Got a fine helmet
 45446 | Vaults:4 | Identified the +2 helmet "Teetonk" {rF++ rC++ Stlth-} (You found it on level 4 of the Vaults)
 45569 | Vaults:4 | Received a gift from Trog
 45744 | Vaults:4 | Reached skill level 15 in Fighting
 45879 | Vaults:5 | Entered Level 5 of the Vaults
 46077 | Vaults:4 | Reached skill level 18 in Shields
 46109 | Vaults:5 | Noticed an ancient lich
 46230 | Vaults:5 | Noticed a golden dragon
 46248 | Vaults:5 | Noticed an ancient lich
 46248 | Vaults:5 | Cast into level 5 of the Abyss (an ancient lich)
 46248 | Abyss:5  | Entered Level 5 of the Abyss
 46265 | Abyss:5  | Found a corrupted altar of Lugonu.
 46294 | Abyss:5  | Paralysed by accursed screaming for 2 turns
 46296 | Abyss:5  | HP: 6/168 [poisoned by a green death (bolt of poison)]
 46296 | Abyss:5  | HP: 1/168 [spatial maelstrom[a shadow demon] (3)]
 46296 | Abyss:5  | Killed from afar by a starcursed mass

Skill      XL: |  1  2  3  4  5  6  7  8  9 10 11 12 13 14 15 16 17 18 19 20 21 |
---------------+----------------------------------------------------------------+-----
Dodging        | 2 3 4 5 6 7 8 9 10 11 12 13 | 13.6
Long Blades    | 3 4 5 6 |  6.9
Armour         | 2 3 5 6 7 8 9 10 11 12 13 | 13.6
Shields        | 1 2 3 4 5 6 8 9 10 11 12 13 14 15 16 17 18 | 18.1
Fighting       | 4 5 6 7 8 9 10 11 12 13 14 15 | 15.1
Stealth        | 1 2 3 4 |  4.7
Maces & Flails | 2 3 4 7 9 10 11 12 | 12.1
Axes           | 2 5 7 8 10 11 12 13 | 13.8
Slings         | 3 5 6 7 |  7.9

Action                   |  1- 3 |  4- 6 |  7- 9 | 10-12 | 13-15 | 16-18 | 19-21 || total
-------------------------+-------+-------+-------+-------+-------+-------+-------++-------
Melee: Falchion          |   127 |   256 |   223 |       |       |       |       ||   606
       Whip              |       |       |    65 |    71 |   606 |       |       ||   742
       Hand axe          |       |       |       |   845 |   541 |  1159 |  1501 ||  4046
       Broad axe         |       |       |       |       |     1 |       |       ||     1
       Kick              |       |       |       |       |   158 |   703 |  1034 ||  1895
       Unarmed           |       |       |       |       |       |     3 |       ||     3
Invok: Berserk           |       |     3 |     7 |    13 |     7 |    11 |     9 ||    50
       Burn Spellbooks   |       |     1 |       |     2 |     2 |     5 |     2 ||    12
       Brothers in Arms  |       |       |       |       |     3 |     4 |     1 ||     8
Evoke: Wand              |       |       |       |       |       |       |     1 ||     1
  Use: Scroll            |       |       |     3 |    14 |    22 |    10 |     5 ||    54
       Potion            |       |       |     2 |       |       |    12 |       ||    14
 Stab: Sleeping          |       |       |       |     3 |     3 |     7 |       ||    13
       Petrified         |       |       |       |       |    12 |       |       ||    12
       Petrifying        |       |       |       |       |     2 |       |       ||     2
       Distracted        |       |       |       |       |     2 |     3 |     2 ||     7
  Eat: Chunk             |     1 |    11 |    16 |    27 |    42 |    27 |    31 ||   155
       Meat ration       |       |       |     1 |     2 |     1 |     4 |     2 ||    10
Armor: Animal skin       |    45 |       |       |       |       |       |       ||    45
       Ring mail         |     5 |    85 |       |       |       |       |       ||    90
       Chain mail        |       |    43 |   146 |   133 |       |       |       ||   322
       Troll leather arm |       |       |       |    73 |     9 |       |       ||    82
       Scale mail        |       |       |       |       |   297 |   263 |       ||   560
       Plate armour      |       |       |       |       |       |    29 |   429 ||   458
Dodge: Dodged            |    60 |    93 |    82 |   311 |   496 |   627 |   474 ||  2143
Block: Shield            |    67 |   125 |   159 |   482 |   459 |       |       ||  1292
       Large shield      |       |       |       |       |   234 |  1216 |  1367 ||  2817
       Rpst.: Falchion   |    19 |    22 |    21 |       |       |       |       ||    62
